 Dungeon Crawl Stone Soup version 0.22-b1-21-g5cfc168 (webtiles) character file.

32 tyranidshit the Skirmisher (level 3, -1/30 HPs)
             Began as a Demonspawn Abyssal Knight on Aug 3, 2018.
             Was a Follower of Lugonu.
             Slain by an adder (2 damage)
             ... on level 2 of the Dungeon.
             The game lasted 00:01:33 (821 turns).

tyranidshit the Skirmisher (DsAK)                    Turns: 821, Time: 00:01:34

Health: -1/30      AC:  5    Str: 13    XL:     3   Next: 10%
Magic:  4/4        EV: 10    Int: 13    God:    Lugonu [*.....]
Gold:   35         SH:  0    Dex: 12    Spells: 2/2 levels left

rFire    . . .     SeeInvis .   a - +1 hand axe
rCold    . . .     Gourm    .   (no shield)
rNeg     . . .     Faith    .   g - +0 ring mail
rPois    .         Spirit   .   (helmet restricted)
rElec    .         Reflect  .   (no cloak)
rCorr    .         Harm     .   (no gloves)
MR       .....                  (no boots)
Stlth    +.........             (no amulet)
HPRegen  0.10/turn              e - ring of wizardry
MPRegen  0.09/turn              (no ring)

@: lethally poisoned (-1 -> -27)
A: horns 1, demonic guardian 1, mutation resistance 1
a: Depart the Abyss, Renounce Religion


You were on level 2 of the Dungeon.
You worshipped Lugonu.
Lugonu was aware of your devotion.
You were not hungry.

You visited 1 branch of the dungeon, and saw 2 of its levels.
You visited the Abyss 1 time.

You collected 35 gold pieces.

Inventory:

Hand Weapons
 a - a +1 hand axe (weapon)
Armour
 b - a +0 leather armour
 d - a +0 plate armour
 g - a +0 ring mail (worn)
Jewellery
 e - a ring of wizardry (left hand)
Scrolls
 f - a scroll of enchant armour {unknown}
 h - a scroll of remove curse {unknown}
 i - a scroll of immolation {unknown}
Comestibles
 c - 2 rations


   Skills:
 + Level 4.3 Fighting
 - Level 1.7 Axes
 - Level 1.7 Armour
 - Level 0.8 Dodging
 - Level 2.4 Invocations


You had 2 spell levels left.
You didn't know any spells.
Your spell library was empty.

Dungeon Overview and Level Annotations

Branches:
Dungeon (2/15)

Altars:


Innate Abilities, Weirdness & Mutations

A weak demonic guardian rushes to your aid.
You have a pair of small horns on your head.
You are somewhat resistant to further mutation.


Message History

The adder is heavily wounded.
You feel sick. The adder bites you.
You are lethally poisoned!
The adder poisons you! The adder bites you.
* * * LOW HITPOINT WARNING * * *
You are more poisoned.
The adder poisons you!
You closely miss the adder.
The adder is heavily wounded.
* * * LOW HITPOINT WARNING * * *
You feel sick. The adder bites you.
* * * LOW HITPOINT WARNING * * *
You are more poisoned.
The adder poisons you!
You barely miss the adder.
The adder is heavily wounded.
* * * LOW HITPOINT WARNING * * *
You feel very sick. The adder bites you.
You die...

### #..
#######.#
........#
#####$####
#.....†.<#
##...#.####
#@S#.#.#
##.#...#
#####...
+>... #.$..
#....


You could see an adder.

Vanquished Creatures
  An adder (D:2)
  A dart slug (D:1)
  A leopard gecko (D:1)
  5 goblins (D:1)
  3 hobgoblins (D:1)
  2 jackals (D:1)
  2 quokkas (D:2)
  2 bats (D:1)
  2 kobolds (D:1)
  2 rats (D:1)
21 creatures vanquished.

Notes
Turn   | Place    | Note
-------+----------+-------------------------------------------
     0 | Abyss:1  | tyranidshit the Demonspawn Abyssal Knight began the quest for the Orb.
     0 | Abyss:1  | Reached XP level 1. HP: 18/18 MP: 2/2
    18 | Abyss:2  | Noticed a blizzard demon
    18 | Abyss:2  | Noticed an ice devil
    23 | Abyss:2  | Noticed a tentacled starspawn
    27 | D:1      | Escaped the Abyss
   178 | D:1      | Gained mutation: You have a pair of small horns on your head. [potion of mutation]
   178 | D:1      | Gained mutation: You are somewhat resistant to further mutation. [potion of mutation]
   233 | D:1      | Gained mutation: A weak demonic guardian rushes to your aid. [demonic ancestry]
   233 | D:1      | Reached XP level 2. HP: 24/24 MP: 3/3
   392 | D:1      | Reached * piety under Lugonu
   467 | D:1      | Reached skill level 4 in Fighting
   816 | D:2      | Reached XP level 3. HP: 23/30 MP: 4/4
   821 | D:2      | HP: 1/30 [poisoned by an adder]
   821 | D:2      | Slain by an adder

Skill      XL: |  1  2 |
---------------+-------+-----
Fighting       | 4 |  4.3
Axes           | |  1.7
Armour         | |  1.7
Dodging        | |  0.8
Invocations    | |  2.4

Action                   || total
-------------------------++-------
Melee: Hand axe          ||    68
       Headbutt          ||     4
Invok: Depart the Abyss  ||     1
  Use: Potion            ||     2
       Scroll            ||     1
Armor: Plate armour      ||    19
       Ring mail         ||    16
Dodge: Dodged            ||    40
